 Dungeon Crawl Stone Soup version 0.18-a0-1443-ge8f1551 (webtiles) character file.

5453 Slowtrain the Covert (level 11, -15/54 HPs)
             Began as a Kobold Venom Mage on Feb 28, 2016.
             Was a Follower of Fedhas.
             Killed from afar by Harold (27 damage)
             ... with a bolt of fire
             ... on level 10 of the Dungeon on Feb 29, 2016.
             The game lasted 01:27:52 (13569 turns).

Slowtrain the Covert (Kobold Venom Mage)           Turns: 13569, Time: 01:27:53

Health: -15/54     AC:  5    Str:  7    XL:     11   Next: 0%
Magic:  4/17       EV: 19    Int: 16    God:    Fedhas [*.....]
Gold:   333        SH:  0    Dex: 17    Spells: 4 memorised, 8 levels left

rFire  . . .     SeeInvis .     e - +2 dagger (drain)
rCold  . . .     Gourm    .     a - +0 robe
rNeg   . . .     Faith    .     (shield restricted)
rPois  .         Spirit   .     T - +0 helmet
rElec  .         Dismiss  .     q - +0 cloak
rCorr  .         Reflect  .     t - +0 pair of gloves
SustAt +         Harm     .     (no boots)
MR     .....                    P - amulet of rage (curse)
Stlth  +++++.....               k - ring of wizardry
                                Z - ring of sustain attributes

@: very slightly contaminated, not resistant to hostile enchantments, quite
stealthy
A: carnivore 3
a: Evolution, Renounce Religion, Evoke Berserk Rage


You were on level 10 of the Dungeon.
You worshipped Fedhas.
Fedhas was aware of your devotion.
You were not hungry.

You visited 2 branches of the dungeon, and saw 11 of its levels.

You collected 620 gold pieces.
You spent 287 gold pieces at shops.

Inventory:

Hand Weapons
 e - a +2 dagger of draining (weapon)
 l - a +3 dagger
 u - a +2 hunting sling of velocity
 w - a +0 blowgun
 x - a +0 rapier
 Y - a +0 shortbow
Missiles
 d - 345 stones (quivered)
 h - 147 arrows
 v - 50 poisoned needles
 D - 5 tomahawks
 J - 6 needles of confusion
 X - 36 poisoned arrows
Armour
 a - a +0 robe (worn)
 q - a +0 cloak (worn)
 t - a +0 pair of gloves (worn)
 y - a +0 leather armour
 I - a +1 hat
 T - a +0 helmet (worn)
Magical Staves
 G - an uncursed staff of summoning
Jewellery
 k - a ring of wizardry (right hand)
 A - an uncursed ring of ice
 F - an uncursed ring of resist corrosion
 P - a cursed amulet of rage (around neck)
 Z - a ring of sustain attributes (left hand)
Wands
 r - a wand of random effects (15/48)
 B - a wand of confusion (0/48)
 C - a wand of iceblast (9/15)
 E - a wand of polymorph (17/24)
 V - a wand of slowing (21/48)
Scrolls
 f - a scroll of recharging {unknown}
 i - a scroll of fear {unknown}
 m - a scroll of blinking
 n - a scroll of amnesia {unknown}
 o - 3 scrolls of teleportation
 H - 3 scrolls of enchant armour
 K - a scroll of enchant weapon {unknown}
 L - 3 scrolls of fog
 R - 2 scrolls of magic mapping
 W - 3 scrolls of remove curse
Potions
 j - 3 potions of flight
 s - a potion of ambrosia
 z - 2 potions of cure mutation
 M - a potion of cancellation {unknown}
 O - a potion of degeneration {unknown}
 Q - a potion of mutation
 U - a potion of resistance {unknown}
Books
 b - a Young Poisoner's Handbook

   Spells                             Type                      Level
   a - Sting                          Conjuration/Poison           1
   b - Cure Poison                    Poison                       2
   c - Mephitic Cloud                 Conjuration/Poison/Air       3
   d - Olgreb's Toxic Radiance        Poison                       4
   e - Venom Bolt                     Conjuration/Poison           5
Comestibles
 c - 4 meat rations
 g - 3 beef jerkies
 p - a royal jelly
 S - a slice of pizza


   Skills:
 - Level 8.0 Short Blades
 - Level 6.4 Dodging
 - Level 8.5 Stealth
 + Level 4.1 Spellcasting
 - Level 7.0 Conjurations
 - Level 2.0 Air Magic
 - Level 7.2 Poison Magic
 - Level 2.1 Invocations
 + Level 5.8 Evocations


You had 8 spell levels left.
You knew the following spells:

 Your Spells              Type           Power        Failure   Level  Hunger
a - Sting                 Conj/Pois      ####         1%          1    None
b - Mephitic Cloud        Conj/Pois/Air  ###.....     3%          3    ###....
c - Cure Poison           Pois           ####......   1%          2    ##.....
d - Olgreb's Toxic Radia  Pois           ####....     4%          4    ####...


Dungeon Overview and Level Annotations

Branches:
Dungeon (10/15)            Temple (1/1) D:6
   Lair: D:8-11         Orc: D:9-12

Altars:
Ashenzari
Cheibriados
Dithmenos
Elyvilon
Fedhas
Gozag
Kikubaaqudgha
Makhleb
Nemelex Xobeh
Okawaru
Pakellas
Qazlal
Ru
Sif Muna
Trog
Vehumet
Xom
Yredelemnul
Zin

Shops:
D:4 }

Annotations:
D:3 exclusion: skeleton
D:5 Vojta's ghost, amateur GrEE
D:7 exclusion: door
D:10 Harold


Innate Abilities, Weirdness & Mutations

You are small and have problems with some larger weapons.
You are carnivorous and can eat meat at any time.


Message History

Aim: Harold, wielding a battleaxe and wearing a shiny ring mail
Okay, then.
Evoke which item? (* to show all) (? for menu, Esc to quit)
Zapping:
V - a wand of slowing (will waste charges)
Press: ? - help, Shift-Dir - straight line, f/p - Harold
Aim: Harold, wielding a battleaxe and wearing a shiny ring mail (chance to defeat MR: 34%) Harold seems to slow down.
Evoking this partially-identified wand wasted a few charges.
Your skill with magical items lets you calculate the power of this device...
This wand has 21 charges left.
You open the door. 2 kobolds come into view.
A big kobold and a centaur come into view.
There is an open door here.
Harold says happily, "The price on your head will fill my nest egg nicely!"
Harold casts a spell at you. The bolt of fire hits you!
Ouch! That really hurt!
You die...
Fedhas appreciates your contribution to the ecosystem.

#####§#.#.≈.≈
#...(#†#.#.≈
#.###.#.#.#.
#.#..#†#.#.#
#####+####.#.#.#.#.#
#.....c.K#.#..#.#.#!#
#........@.#.#f#.#.#.#
#.....K..###[.#.#.#.#.
#....K.@.# #.<.#.#.#.#
#........#
##.#.#.#.#.#
##########
##.#.#.#.#.#
#.#.≈.#.#. ........
≈≈≈≈≈# ≈≈≈≈≈ ≈≈≈


You could see Harold, a big kobold (sleeping), a centaur (sleeping) and 2
kobolds.

Vanquished Creatures
  Pikel (D:4)
  A guardian serpent (D:9)
  A two-headed ogre (D:8)
  Sigmund (D:4)
  A wandering mushroom (D:9)
  Edmund (D:4)
  2 sky beasts
  4 slaves (D:4)
  An ice beast (D:7)
  An ogre (D:9)
  An eye of draining (D:9)
  2 centaurs
  4 giant frogs
  3 scorpions
  29 killer bees
  4 howler monkeys
  3 jellies
  A crimson imp (D:6)
  5 hounds
  A gnoll shaman (D:7)
  7 orc priests
  2 centaur skeletons (D:7)
  3 giant frog skeletons
  5 iguanas
  3 orc wizards
  10 worker ants
  2 hound skeletons
  2 worker ant zombies
  8 gnolls
  5 adders
  2 shadow imps
  An adder skeleton (D:4)
  3 worms
  2 dart slugs
  6 giant geckos
  21 orcs
  4 giant cockroaches
  10 goblins
  8 hobgoblins
  7 jackals
  5 quokkas
  A ball python (D:1)
  13 bats
  2 giant newts
  12 kobolds
  A quokka skeleton (D:4)
  10 rats
  A plant (D:1)
223 creatures vanquished.

Vanquished Creatures (collateral kills)
  An orc warrior (D:9)
  6 killer bees (D:9)
  A quasit (D:9)
  A jelly (D:9)
9 creatures vanquished.

Vanquished Creatures (others)
  3 wandering mushrooms
  A queen bee (D:9)
  A plant (D:4)
  58 toadstools
63 creatures vanquished.

Grand Total: 295 creatures vanquished

Notes
Turn   | Place    | Note
--------------------------------------------------------------
     0 | D:1      | Slowtrain the Kobold Venom Mage began the quest for the Orb.
     0 | D:1      | Reached XP level 1. HP: 10/10 MP: 3/3
   295 | D:1      | Reached XP level 2. HP: 15/15 MP: 5/5
   491 | D:1      | Reached skill level 1 in Conjurations
   924 | D:1      | Reached XP level 3. HP: 16/19 MP: 1/6
  1406 | D:1      | Learned a level 3 spell: Mephitic Cloud
  1897 | D:2      | Reached XP level 4. HP: 3/24 MP: 1/7
  2319 | D:2      | Learned a level 2 spell: Cure Poison
  2365 | D:2      | Reached skill level 1 in Air Magic
  2761 | D:3      | Found a shadowy altar of Dithmenos.
  2831 | D:3      | Found a sparkling altar of Nemelex Xobeh.
  3359 | D:3      | Reached XP level 5. HP: 28/28 MP: 2/8
  3370 | D:2      | Upgraded the game from 0.18-a0-1435-gee79d65 to 0.18-a0-1443-ge8f1551
  3613 | D:3      | Reached skill level 5 in Poison Magic
  4198 | D:3      | Reached XP level 6. HP: 32/32 MP: 1/10
  4237 | D:3      | Learned a level 4 spell: Olgreb's Toxic Radiance
  4630 | D:4      | Reached skill level 1 in Short Blades
  4889 | D:4      | Reached XP level 7. HP: 36/36 MP: 6/11
  5108 | D:4      | Noticed Pikel
  5517 | D:4      | Killed Pikel
  5517 | D:4      | Reached skill level 5 in Short Blades
  5517 | D:4      | Reached XP level 8. HP: 35/41 MP: 3/12
  5906 | D:4      | Found Nexi's Gadget Emporium.
  5911 | D:4      | Bought a wand of confusion (8/48) for 105 gold pieces
  5911 | D:4      | Bought a wand of iceblast (9/15) for 182 gold pieces
  6005 | D:4      | Noticed Edmund
  6018 | D:4      | Killed Edmund
  6023 | D:4      | Noticed Sigmund
  6066 | D:4      | Killed Sigmund
  6233 | D:5      | Entered Level 5 of the Dungeon
  7134 | D:5      | Reached XP level 9. HP: 35/45 MP: 9/13
  7149 | D:5      | Noticed Vojta's ghost (amateur GrEE)
  7334 | D:5      | Found a stormy altar of Qazlal.
  7543 | D:6      | Found a shimmering altar of Xom.
  7855 | D:6      | Found a staircase to the Ecumenical Temple.
  7861 | Temple   | Entered the Ecumenical Temple
  8578 | D:6      | Found an ancient bone altar of Kikubaaqudgha.
  8579 | D:6      | Found an oddly glowing altar of Pakellas.
  8769 | D:7      | Reached skill level 5 in Conjurations
  8801 | D:7      | Reached skill level 5 in Stealth
  9674 | D:7      | Found a blossoming altar of Fedhas.
  9677 | D:7      | Found a glowing silver altar of Zin.
  9683 | D:7      | Became a worshipper of Fedhas Madash
 10542 | D:8      | Reached XP level 10. HP: 32/50 MP: 7/14
 11206 | D:9      | Noticed a guardian serpent
 11262 | D:9      | Reached skill level 1 in Invocations
 11362 | D:9      | Reached * piety under Fedhas
 11878 | D:9      | Reached skill level 1 in Evocations
 12139 | D:9      | Reached skill level 5 in Dodging
 12826 | D:9      | Killed a guardian serpent
 13318 | D:9      | Reached skill level 5 in Evocations
 13500 | D:10     | Entered Level 10 of the Dungeon
 13551 | D:10     | Reached XP level 11. HP: 28/54 MP: 17/17
 13552 | D:10     | Noticed Harold
 13569 | D:10     | Killed from afar by Harold

Vault maps used:
D:1:      lightli_arrival_farm, lexackson_kobold_supper
D:2:      serial_park_tiny_pond
D:3:      grunt_dithmenos_smoke, serial_glass, glass_columns_c, glass_columns_b,
          nemelex_deck
D:4:      serial_shops, kennysheep_little_box, first_bread,
          sigmund_edmund_badplayer, uniq_edmund, uniq_pikel
D:5:      nicolae_overflow_crystal_walls
D:6:      amethyst_overflow_temple_binary, temple_green, basic_altar
D:7:      minitemple, serial_co_window_serial, co_window_paths_a,
          co_window_paths_b, co_window_paths_a, co_window_corner_a,
          co_window_corner_a, co_window_cross_1, co_window_paths_b,
          co_window_unsneaky_path_e, co_window_broadway_b,
          co_window_of_opportunity_b, co_window_2corner, co_window_broadway_a,
          co_window_cross_3, glass_columns_a, glass_columns_a, glass_columns_c,
          glass_columns_c, grunt_livestock
D:9:      nicolae_overflow_hidden_temple, special_room,
          nrook_guardian_serpent_ordinary
D:10:     uniq_harold
Temple:   nicolae_temple_figure_eight

Skill      XL: |  1  2  3  4  5  6  7  8  9 10 |
---------------+-------------------------------+-----
Conjurations   | 1 2 4 6 7 |  7.0
Air Magic      | 1 2 |  2.0
Poison Magic   | 5 6 7 |  7.2
Spellcasting   | 3 4 |  4.1
Short Blades   | 3 5 7 8 |  8.0
Stealth        | 8 |  8.5
Dodging        | 6 |  6.4
Invocations    | 2 |  2.1
Evocations     | 5 |  5.8

Action                   |  1- 3 |  4- 6 |  7- 9 | 10-12 || total
-------------------------+-------+-------+-------+-------++-------
Melee: Short sword       |    15 |       |       |       ||    15
       Dagger            |    59 |    90 |   162 |   144 ||   455
       Rapier            |       |       |   179 |    11 ||   190
 Fire: Blowgun           |       |       |       |     1 ||     1
Throw: Stone             |     1 |     1 |    11 |       ||    13
 Cast: Sting             |    77 |   131 |   127 |    46 ||   381
       Mephitic Cloud    |       |     6 |    18 |    10 ||    34
       Cure Poison       |       |     1 |     5 |     3 ||     9
       Olgreb's Toxic Ra |       |       |     8 |     7 ||    15
Invok: Evolution         |       |       |       |     4 ||     4
 Abil: Evoke Berserk Rag |       |       |       |     1 ||     1
Evoke: Wand              |       |       |    14 |     3 ||    17
  Use: Scroll            |       |     5 |     9 |     2 ||    16
       Potion            |       |       |       |     1 ||     1
 Stab: Sleeping          |     2 |       |     3 |     7 ||    12
       Confused          |       |     4 |     8 |     4 ||    16
       Distracted        |       |       |       |     1 ||     1
  Eat: Chunk             |    13 |    13 |    22 |     8 ||    56
